 Dungeon Sprint DCSS version 0.24-a0-250-g6074511092 (webtiles) character file.

Game seed: 8784123508628934564

2700000 Redear the Conqueror (level 21, -23/204 HPs)
             Began as a Demonspawn Warper on Apr 15, 2019.
             Was a High Priest of Makhleb.
             Killed from afar by a large bag of meat (36 damage)
             ... with an exploding inner flame
             ... in the Dungeon (Sprint VIII: "Arena of Blood").
             The game lasted 00:00:55 (27 turns).

Redear the Conqueror (Demonspawn Warper)              Turns: 27, Time: 00:00:56

Health: -23/204    AC:  6    Str: 12    XL:     21   Next: 28%
Magic:  9/52       EV: 35    Int: 15    God:    Makhleb [*****.]
Gold:   0          SH:  0    Dex: 22    Spells: 74/74 levels left

rFire    . . .     SeeInvis .   c - +∞ Axe of Woe
rCold    + . .     Gourm    .   (shield currently unavailable)
rNeg     + . .     Faith    .   b - +0 leather armour
rPois    .         Spirit   .   (helmet unavailable)
rElec    .         Reflect  .   (no cloak)
rCorr    .         Harm     .   (gloves unavailable)
MR       +....     NoTele   +   (boots unavailable)
Stlth    +++++++...             (no amulet)
HPRegen  0.44/turn              (no ring)
MPRegen  0.33/turn              (no ring)

@: no status effects
A: claws 3, horns 3, talons 3, cold resistance 1, demonic guardian 2, icemail,
negative energy resistance 1, freezing cloud immunity
a: Minor Destruction, Lesser Servant of Makhleb, Major Destruction, Greater
Servant of Makhleb, Renounce Religion


You were in the Dungeon.
You worshipped Makhleb.
Makhleb was extremely pleased with you.
You were not hungry.

You visited 1 branch

Inventory:

Hand Weapons
 a - a +0 hand axe
 c - the +∞ Axe of Woe (weapon)
   (You found it in the Dungeon)
Missiles
 e - 5 tomahawks of dispersal (quivered)
Armour
 b - a +0 leather armour (worn)
Scrolls
 B - 2 scrolls of blinking
Potions
 h - a potion of heal wounds {@q1}
 j - 2 potions of magic
 k - a potion of berserk rage
 H - a potion of haste {@q5}
 Q - a potion of curing {@q2}
Comestibles
 z - a ration


   Skills:
 O Level 27 Fighting
 O Level 27 Axes
 O Level 27 Throwing
 O Level 27 Armour
 O Level 27 Dodging
 + Level 17.4 Stealth
 + Level 16.2 Unarmed Combat
 O Level 27 Spellcasting
   Level 2.6 Translocations
 + Level 21.6 Invocations


You had 74 spell levels left.
You didn't know any spells.
Your spell library contained the following spells:

 Spells                   Type           Power        Failure   Level  Hunger
 Blink                    Tloc           N/A          1%          2    None
 Shroud of Golubria       Chrm/Tloc      ###.......   1%          2    None
 Gell's Gravitas          Tloc           ####......   1%          3    None
 Lesser Beckoning         Tloc           ####......   1%          3    None
 Teleport Other           Tloc           ####....     1%          3    None
 Passage of Golubria      Tloc           N/A          6%          4    None


Dungeon Overview and Level Annotations

Branches:
Dungeon (1/1)

Altars:
Makhleb


Innate Abilities, Weirdness & Mutations

You have claws for hands.
You have a pair of large horns on your head.
You have claws for feet.
Your flesh is cold resistant. (rC+)
A demonic guardian rushes to your aid.
A meltable icy envelope protects you from harm. (AC +0)
You resist negative energy. (rN+)
You are immune to freezing clouds.


Message History

Health restored: 204 You hear a shout! x8
The large bag of meat hits you with a +9 giant spiked club!!!!
Ouch! That really hurt!
The large bag of meat hits you with a +9 giant spiked club!!!!
* * * LOW HITPOINT WARNING * * *
You hear a shout! x6
Items here: ))))) ===== ††† You take 191 damage, and have 13/204 hp.
MASSIVE DAMAGE!!
You are too injured to fight recklessly!
Unknown command.
Unknown command.
You slash the large bag of meat!
You cleave the large bag of meat in twain.
The large bag of meat explodes!
The fiery explosion engulfs the bag of meat!!
The fiery explosion engulfs you!!!
Your icy envelope dissipates!
You die...

..........
...........
......... #.
.....# #.. ....#
.O .###..
...###...
......###))......
......o§@.)......
....#.§§§)#......
. #_.<._# .....
#.))..# ....
....._..... ...
......###........
.###.. ...###O .
#.. ...# #.. ..#


You could see a bag of meat.

Vanquished Creatures
  A vampire knight (D)
  9 ogres (D)
  12 orcs (D)
22 creatures vanquished.

Notes
Turn   | Place    | Note
-------+----------+-------------------------------------------
     0 | D        | Found the +∞ Axe of Woe
     0 | D        | Redear the Demonspawn Warper began the quest for the Orb.
     0 | D        | Reached XP level 1. HP: 16/16 MP: 3/3
     0 | D        | Noticed a meat berserker
     1 | D        | Noticed a bag of meat
     2 | D        | Noticed a bag of meat
     3 | D        | Killed a meat berserker
     3 | D        | Reached skill level 14 in Fighting
     3 | D        | Reached skill level 13 in Axes
     3 | D        | Reached skill level 13 in Throwing
     3 | D        | Reached skill level 13 in Armour
     3 | D        | Reached skill level 13 in Dodging
     3 | D        | Reached skill level 13 in Spellcasting
     3 | D        | Gained mutation: You have sharp toenails. [demonic
                  | ancestry]
     3 | D        | Reached XP level 2. HP: 42/42 MP: 3/16
     3 | D        | Gained mutation: You have sharp fingernails. [demonic
                  | ancestry]
     3 | D        | Reached XP level 3. HP: 48/48 MP: 3/17
     3 | D        | Gained mutation: Your flesh is cold resistant. (rC+)
                  | [demonic ancestry]
     3 | D        | Reached XP level 4. HP: 55/55 MP: 3/19
     3 | D        | Gained mutation: You have a pair of small horns on your
                  | head. [demonic ancestry]
     3 | D        | Reached XP level 5. HP: 61/61 MP: 3/20
     3 | D        | Reached XP level 6. HP: 68/68 MP: 3/22
     3 | D        | Reached XP level 7. HP: 74/74 MP: 3/23
     3 | D        | Reached XP level 8. HP: 81/81 MP: 3/25
     3 | D        | Reached XP level 9. HP: 87/87 MP: 3/26
     3 | D        | Gained mutation: You have a pair of horns on your head.
                  | [demonic ancestry]
     3 | D        | Reached XP level 10. HP: 94/94 MP: 3/27
     3 | D        | Gained mutation: You have razor-sharp toenails. [demonic
                  | ancestry]
     3 | D        | Reached XP level 11. HP: 100/100 MP: 3/28
     3 | D        | Gained mutation: A weak demonic guardian rushes to your
                  | aid. [demonic ancestry]
     3 | D        | Reached XP level 12. HP: 107/107 MP: 3/29
     3 | D        | Reached XP level 13. HP: 113/113 MP: 3/30
     3 | D        | Noticed a bag of meat
     3 | D        | Noticed a bag of meat
     4 | D        | Noticed a bag of meat
     5 | D        | Became a worshipper of Makhleb the Destroyer
     6 | D        | Killed a bag of meat
     6 | D        | Reached skill level 15 in Fighting
     6 | D        | Reached skill level 14 in Axes
     6 | D        | Reached skill level 14 in Throwing
     6 | D        | Reached skill level 14 in Armour
     6 | D        | Reached skill level 14 in Dodging
     6 | D        | Reached skill level 14 in Spellcasting
     6 | D        | Noticed a meat berserker
     7 | D        | Killed a bag of meat
     7 | D        | Reached * piety under Makhleb
     7 | D        | Reached skill level 16 in Fighting
     7 | D        | Reached skill level 15 in Axes
     7 | D        | Reached skill level 15 in Throwing
     7 | D        | Reached skill level 15 in Armour
     7 | D        | Reached skill level 15 in Dodging
     7 | D        | Reached skill level 15 in Spellcasting
     7 | D        | Gained mutation: You have very sharp fingernails. [demonic
                  | ancestry]
     7 | D        | Reached XP level 14. HP: 126/126 MP: 4/33
     7 | D        | Noticed a bag of meat
     7 | D        | Noticed a bag of meat
     8 | D        | Killed a bag of meat
     8 | D        | Reached skill level 17 in Fighting
     8 | D        | Reached skill level 16 in Spellcasting
     9 | D        | Killed a bag of meat
     9 | D        | Reached skill level 18 in Fighting
     9 | D        | Reached skill level 16 in Axes
     9 | D        | Reached skill level 16 in Throwing
     9 | D        | Reached skill level 16 in Armour
     9 | D        | Reached skill level 16 in Dodging
     9 | D        | Gained mutation: You are immune to freezing clouds.
                  | [demonic ancestry]
     9 | D        | Reached XP level 15. HP: 136/136 MP: 4/35
    10 | D        | Killed a meat berserker
    10 | D        | Reached ** piety under Makhleb
    10 | D        | Reached skill level 19 in Fighting
    10 | D        | Reached skill level 18 in Axes
    10 | D        | Reached skill level 18 in Throwing
    10 | D        | Reached skill level 18 in Armour
    10 | D        | Reached skill level 18 in Dodging
    10 | D        | Reached skill level 18 in Spellcasting
    10 | D        | Reached skill level 20 in Fighting
    10 | D        | Gained mutation: You have claws for hands. [demonic
                  | ancestry]
    10 | D        | Reached XP level 16. HP: 148/148 MP: 5/38
    13 | D        | Reached skill level 19 in Axes
    13 | D        | Reached skill level 19 in Throwing
    13 | D        | Reached skill level 19 in Armour
    13 | D        | Reached skill level 19 in Dodging
    13 | D        | Reached skill level 19 in Spellcasting
    13 | D        | Reached *** piety under Makhleb
    13 | D        | Reached skill level 21 in Fighting
    13 | D        | Noticed a meat berserker
    13 | D        | Noticed a meat berserker
    14 | D        | Reached skill level 20 in Axes
    14 | D        | Reached skill level 20 in Throwing
    14 | D        | Reached skill level 20 in Armour
    14 | D        | Reached skill level 20 in Dodging
    14 | D        | Reached skill level 20 in Spellcasting
    14 | D        | Gained mutation: You have claws for feet. [demonic
                  | ancestry]
    14 | D        | Reached XP level 17. HP: 160/160 MP: 6/41
    14 | D        | Noticed a meat berserker
    15 | D        | Noticed a meat berserker
    16 | D        | Noticed a meat berserker
    16 | D        | Noticed a meat berserker
    17 | D        | Killed a meat berserker
    17 | D        | Reached skill level 22 in Fighting
    17 | D        | Reached skill level 21 in Axes
    17 | D        | Reached skill level 21 in Throwing
    17 | D        | Reached skill level 21 in Armour
    17 | D        | Reached skill level 21 in Dodging
    17 | D        | Reached skill level 21 in Spellcasting
    18 | D        | Reached **** piety under Makhleb
    18 | D        | Reached skill level 23 in Fighting
    18 | D        | Noticed a large bag of meat
    19 | D        | Killed a meat berserker
    19 | D        | Reached skill level 24 in Fighting
    19 | D        | Reached skill level 22 in Axes
    19 | D        | Reached skill level 22 in Throwing
    19 | D        | Reached skill level 22 in Armour
    19 | D        | Reached skill level 22 in Dodging
    19 | D        | Reached skill level 22 in Spellcasting
    19 | D        | Gained mutation: You resist negative energy. (rN+) [demonic
                  | ancestry]
    19 | D        | Reached XP level 18. HP: 174/174 MP: 7/44
    19 | D        | Killed a meat berserker
    19 | D        | Reached skill level 25 in Fighting
    19 | D        | Reached skill level 23 in Axes
    19 | D        | Reached skill level 23 in Throwing
    19 | D        | Reached skill level 23 in Armour
    19 | D        | Reached skill level 23 in Dodging
    19 | D        | Reached skill level 23 in Spellcasting
    19 | D        | Noticed a destroyer
    20 | D        | Killed a meat berserker
    20 | D        | Reached skill level 26 in Fighting
    20 | D        | Reached skill level 24 in Axes
    20 | D        | Reached skill level 24 in Throwing
    20 | D        | Reached skill level 24 in Armour
    20 | D        | Reached skill level 24 in Dodging
    20 | D        | Reached skill level 24 in Spellcasting
    20 | D        | Gained mutation: You have a pair of large horns on your
                  | head. [demonic ancestry]
    20 | D        | Reached XP level 19. HP: 186/186 MP: 7/47
    21 | D        | Noticed a meat berserker
    22 | D        | Killed a meat berserker
    22 | D        | Reached ***** piety under Makhleb
    22 | D        | Reached skill level 25 in Axes
    22 | D        | Reached skill level 25 in Spellcasting
    22 | D        | Killed a meat berserker
    22 | D        | Reached skill level 27 in Fighting
    22 | D        | Reached skill level 25 in Throwing
    22 | D        | Reached skill level 25 in Armour
    22 | D        | Reached skill level 25 in Dodging
    23 | D        | Reached skill level 26 in Axes
    23 | D        | Reached skill level 26 in Throwing
    23 | D        | Reached skill level 26 in Armour
    23 | D        | Reached skill level 26 in Dodging
    23 | D        | Reached skill level 26 in Spellcasting
    23 | D        | Gained mutation: A meltable icy envelope protects you from
                  | harm. (AC +0) [demonic ancestry]
    23 | D        | Reached XP level 20. HP: 197/197 MP: 8/50
    24 | D        | Killed a destroyer
    24 | D        | Reached skill level 27 in Axes
    24 | D        | Reached skill level 27 in Throwing
    24 | D        | Reached skill level 27 in Armour
    24 | D        | Reached skill level 27 in Dodging
    24 | D        | Reached skill level 27 in Spellcasting
    24 | D        | Reached skill level 7 in Stealth
    24 | D        | Reached skill level 6 in Unarmed Combat
    24 | D        | Reached skill level 9 in Invocations
    24 | D        | Reached skill level 11 in Stealth
    24 | D        | Reached skill level 10 in Unarmed Combat
    24 | D        | Reached skill level 14 in Invocations
    25 | D        | Killed a meat berserker
    25 | D        | Reached skill level 15 in Stealth
    25 | D        | Reached skill level 14 in Unarmed Combat
    25 | D        | Reached skill level 19 in Invocations
    25 | D        | Gained mutation: A demonic guardian rushes to your aid.
                  | [demonic ancestry]
    25 | D        | Reached XP level 21. HP: 204/204 MP: 8/52
    25 | D        | Reached skill level 17 in Stealth
    25 | D        | Reached skill level 16 in Unarmed Combat
    25 | D        | Reached skill level 21 in Invocations
    25 | D        | Noticed a large bag of meat
    26 | D        | HP: 13/204 [large bag of meat/+9 giant spiked club (84)]
    27 | D        | Killed a large bag of meat
    27 | D        | Killed from afar by a large bag of meat

Levels and vault maps discovered:
D:        meatsprint

Skill      XL: |  1  2  3  4  5  6  7  8  9 10 11 12 13 14 15 16 17 18 19 20 21 |
---------------+----------------------------------------------------------------+-----
Fighting       | 14 16 18 20 21 24 26 27 | 27.0
Axes           | 13 15 16 18 20 22 24 26 27 | 27.0
Throwing       | 13 15 16 18 20 22 24 26 27 | 27.0
Armour         | 13 15 16 18 20 22 24 26 27 | 27.0
Dodging        | 13 15 16 18 20 22 24 26 27 | 27.0
Spellcasting   | 13 15 16 18 20 22 24 26 27 | 27.0
Stealth        | 15 17 | 17.4
Unarmed Combat | 14 16 | 16.2
Invocations    | 19 21 | 21.6
Translocations | |  2.6

Action                   |  1- 3 |  4- 6 |  7- 9 | 10-12 | 13-15 | 16-18 | 19-21 || total
-------------------------+-------+-------+-------+-------+-------+-------+-------++-------
Melee: Executioner's axe |     1 |       |       |       |     5 |     6 |     5 ||    17
 Stab: Distracted        |       |       |       |       |       |     2 |       ||     2
Dodge: Dodged            |       |       |       |       |       |     1 |       ||     1

Table legend:
 A = Non-vault XP
 B = Vault XP
 C = Vault XP percentage of total XP
 D = Non-vault monster count
 E = Vault monster count
 F = Vault count percentage of total count
                 A         B        C        D         E       F
            +---------+---------+-------+---------+---------+-------
      Total |  394488 |  225372 |  36.4 |      11 |      11 |  50.0
            +---------+---------+-------+---------+---------+-------
          D |  394488 |  225372 |  36.4 |      11 |      11 |  50.0
            +---------+---------+-------+---------+---------+-------
